Wild vs Canucks

Created - October 11 2010 at 17:39

Goals
1 2 3 T
Wild 0 4 1 5
Canucks 2 4 2 8
Shots
1 2 3 T
Wild 5 11 7 23
Canucks 12 15 13 40

Period #1

1. Canucks , Duncan Keith 2 (Corey Perry, Tomas Holmstrom) at 1:27 (PP)
2. Canucks , Ian White 1 (Loui Eriksson, Henrik Lundqvist) at 7:09 (PP)

Penalties :
Greg Zanon (MIN) for Hooking (Minor) at 0:53, Rob Niedermayer (MIN) for High sticking (Minor) at 2:34, Ryan Whitney (MIN) for Interference (Minor) at 5:41, Mike Komisarek (VAN) for Slashing (Minor) at 7:39, Daniel Alfredsson (MIN) for Tripping (Minor) at 13:36

Period #2

3. Wild , Milan Hejduk 1 (Joe Pavelski, Ryan Whitney) at 0:34 (PP)
4. Wild , Martin St. Louis 1 (Joe Pavelski) at 7:42
5. Canucks , Corey Perry 1 (Erik Karlsson, Joe Thornton) at 12:54 (PP)
6. Wild , Ron Hainsey 1 (Joe Pavelski, Ryan Smyth) at 15:49 (PP)
7. Canucks , Joe Thornton 2 (Matthew Carle, Loui Eriksson) at 16:01
8. Canucks , Tomas Holmstrom 1 (Erik Karlsson, Corey Perry) at 17:11 (PP)
9. Canucks , Brandon Sutter 2 (Duncan Keith) at 17:51
10. Wild , Martin St. Louis 2 (Joe Pavelski) at 18:28

Penalties :
Corey Perry (VAN) for Tripping (Minor) at 0:06, Corey Perry (VAN) for Fighting (Major) at 7:34, David Steckel (MIN) for Fighting (Major) at 7:34, Christopher Higgins (MIN) for Tripping (Minor) at 9:26, Christopher Higgins (MIN) for Roughing (Minor) at 12:10, Ryan Kesler (VAN) for Fighting (Major) at 14:00, David Steckel (MIN) for Fighting (Major) at 14:00, Ryan Kesler (VAN) for instigated a fight (Game Misconduct) at 14:00, Joe Pavelski (MIN) for Holding (Minor) at 17:03, Greg Zanon (MIN) for Holding (Minor) at 17:58, Matthew Carle (VAN) for Hooking (Minor) at 19:37

Period #3

11. Canucks , Matthew Carle 1 (Brandon Dubinsky) at 4:38 (PP)
12. Wild , Milan Hejduk 2 (Joe Pavelski, Martin St. Louis) at 4:56
13. Canucks , Tomas Holmstrom 2 (Duncan Keith, Erik Karlsson) at 19:27

Penalties :
Christopher Higgins (MIN) for Roughing (Double Minor) at 1:56, Michal Rozsival (MIN) for Hooking (Minor) at 8:35, Corey Perry (VAN) for High sticking (Minor) at 13:25, Erik Karlsson (VAN) for Hooking (Minor) at 15:26

Goalie Stats

Dwayne Roloson (MIN), 12 saves from 15 shots - (0.800), L, 0-1-0, 22:49 minutes
Ilya Bryzgalov (MIN), 20 saves from 25 shots - (0.800), 37:11 minutes
Jason LaBarbera (VAN), 6 saves from 7 shots - (0.857), 21:32 minutes
Henrik Lundqvist (VAN), 12 saves from 16 shots - (0.750), W, 2-0-0, 38:28 minutes

Players Stats

Wild
Player Name              G  A  P  +/- PIM S  H  SB FO    MP 
------------------------------------------------------------
Aaron Ward               0  0  0  -1  0   0  0  0  0/0   12 
Brian Willsie            0  0  0  -1  0   0  0  0  2/2   19 
Christopher Higgins      0  0  0  -1  8   0  3  0  2/2   17 
Daniel Alfredsson        0  0  0  -1  2   2  1  0  3/4   20 
David Steckel            0  0  0  -1  10  0  2  0  9/22  15 
Greg Zanon               0  0  0  -1  4   1  1  1  0/0   20 
Jan Hejda                0  0  0  -1  2   0  1  6  0/0   22 
Jay Leach                0  0  0   0  0   0  0  0  0/0   0  
Joe Pavelski             0  5  5   3  2   2  1  0  15/24 19 
Martin St. Louis         2  1  3   2  0   4  0  0  2/5   20 
Michal Rozsival          0  0  0  -1  2   0  1  3  0/0   23 
Milan Hejduk             2  0  2   2  0   7  1  0  1/4   17 
Olli Jokinen             0  0  0   0  0   1  0  0  3/7   6  
Rob Niedermayer          0  0  0  -1  2   1  0  1  10/30 18 
Robert Lang              0  0  0   0  0   0  0  0  0/0   0  
Ron Hainsey              1  0  1   2  0   2  1  2  0/0   22 
Ryan Smyth               0  1  1  -2  0   3  0  0  0/1   16 
Ryan Whitney             0  1  1   2  2   0  2  0  0/0   19 
Canucks
Player Name              G  A  P  +/- PIM S  H  SB FO    MP 
------------------------------------------------------------
Brandon Dubinsky         0  1  1   0  0   2  2  0  15/38 20 
Brandon Sutter           1  0  1   1  0   4  1  0  13/23 21 
Bruno Gervais            0  0  0   0  0   0  0  0  0/0   6  
Corey Perry              1  2  3   1  9   3  2  0  1/2   15 
David Backes             0  0  0  -1  0   2  1  2  2/5   17 
Devin Setoguchi          0  0  0  -1  0   2  3  0  0/0   16 
Duncan Keith             1  2  3   0  0   2  2  2  0/0   24 
Erik Karlsson            0  3  3   0  2   2  1  0  0/0   17 
Fedor Tyutin             0  0  0  -1  0   1  0  1  0/0   18 
Ian White                1  0  1   1  0   2  2  0  0/0   20 
Joe Thornton             1  1  2   1  0   5  2  0  20/30 22 
Loui Eriksson            0  2  2   1  0   3  0  0  0/0   18 
Matthew Carle            1  1  2   1  2   2  0  1  0/0   18 
Mike Komisarek           0  0  0  -1  2   1  5  0  0/0   15 
Milan Lucic              0  0  0  -1  0   1  4  0  2/2   12 
Ryan Kesler              0  0  0  -1  15  1  2  0  1/1   7  
Tomas Holmstrom          2  1  3   0  0   7  2  0  0/0   16 
Vyacheslav Kozlov        0  0  0   0  0   0  0  0  0/0   6  

3 Stars

1 - Martin St. Louis (MIN)
2 - Joe Pavelski (MIN)
3 - Tomas Holmstrom (VAN)

Power Play

Wild - 2 on 6 Attempt(s) - 33.33%
Canucks - 5 on 10 Attempt(s) - 50.00%

Penalty Kill

Wild - 5 on 10 Attempt(s) - 50.00% - Score 0 goal in Penalty Kill
Canucks - 4 on 6 Attempt(s) - 66.67% - Score 0 goal in Penalty Kill

Game Notes

Corey Perry and David Steckel fight to a draw at 7:34 of 2nd period
Ryan Kesler beats up David Steckel at 14:00 of 2nd period
Ryan Kesler ejected from game at 14:00 of 2nd period
Dwayne Roloson enters game at 17:11 of 2nd period
Jason LaBarbera enters game at 18:28 of 2nd period

Finance

Level 1 -- Attendance: 6500 (100.00%) -- Ticket Income $520,000.00
Level 2 -- Attendance: 3505 (70.10%) -- Ticket Income $227,825.00
Level 3 -- Attendance: 1899 (54.26%) -- Ticket Income $94,950.00
Level 4 -- Attendance: 1800 (68.44%) -- Ticket Income $45,000.00
Luxury Box -- Attendance: 595 (59.50%) -- Ticket Income $148,750.00
Game was played at the General Motors Place
Total Attendance: 14299 (76.75%)
Total Ticket Income: $1,072,629.00
Other Income: $205,445.10
Total Income: $1,278,074.00


Play by Play

Period #1

0:01 of 1st period - David Steckel wins face-off versus Joe Thornton in neutral zone.
0:38 of 1st period - Shot by Daniel Alfredsson.
0:38 of 1st period - Stopped by Henrik Lundqvist without a rebound.
0:39 of 1st period - Brandon Dubinsky wins face-off versus Joe Pavelski in Canucks zone.
0:50 of 1st period - Shot by Ryan Kesler.
0:50 of 1st period - Stopped by Ilya Bryzgalov without a rebound.
0:51 of 1st period - Brandon Sutter wins face-off versus Rob Niedermayer in Wild zone.
0:53 of 1st period - Minor Penalty to Greg Zanon for Hooking.
0:54 of 1st period - Joe Thornton wins face-off versus David Steckel in Wild zone.
1:03 of 1st period - Shot by Tomas Holmstrom.
1:03 of 1st period - Shot Blocked by Michal Rozsival.
1:09 of 1st period - Shot by Corey Perry.
1:09 of 1st period - Shot Blocked by Ron Hainsey.
1:11 of 1st period - Shot by Joe Thornton.
1:11 of 1st period - Shot Blocked by Michal Rozsival.
1:27 of 1st period - Shot by Duncan Keith.
1:27 of 1st period - Goal by Duncan Keith - Wild : 0 - Canucks : 1.
1:28 of 1st period - Brandon Sutter wins face-off versus Joe Pavelski in neutral zone.
1:38 of 1st period - Icing by Ryan Whitney.
1:39 of 1st period - Joe Pavelski wins face-off versus Brandon Sutter in Wild zone.
2:24 of 1st period - Christopher Higgins is hit by Milan Lucic and loses puck.
2:34 of 1st period - Minor Penalty to Rob Niedermayer for High sticking.
2:35 of 1st period - Christopher Higgins wins face-off versus Brandon Dubinsky in Wild zone.
4:15 of 1st period - Shot by Erik Karlsson.
4:15 of 1st period - Stopped by Ilya Bryzgalov without a rebound.
4:16 of 1st period - David Steckel wins face-off versus Brandon Dubinsky in Wild zone.
4:52 of 1st period - Shot by Brandon Sutter.
4:52 of 1st period - Shot Misses the Net.
5:00 of 1st period - Shot by David Backes.
5:00 of 1st period - Shot Misses the Net.
5:39 of 1st period - Joe Thornton is hit by Ryan Whitney and loses puck.
5:41 of 1st period - Minor Penalty to Ryan Whitney for Interference.
5:42 of 1st period - Rob Niedermayer wins face-off versus Joe Thornton in Wild zone.
5:54 of 1st period - Off-side.
5:55 of 1st period - Rob Niedermayer wins face-off versus Brandon Dubinsky in neutral zone.
6:06 of 1st period - Shot by Brandon Sutter.
6:06 of 1st period - Stopped by Ilya Bryzgalov without a rebound.
6:07 of 1st period - Rob Niedermayer wins face-off versus Joe Thornton in Wild zone.
6:13 of 1st period - Icing by Duncan Keith.
6:14 of 1st period - Joe Thornton wins face-off versus David Steckel in Canucks zone.
6:43 of 1st period - Shot by Joe Thornton.
6:43 of 1st period - Stopped by Ilya Bryzgalov without a rebound.
6:44 of 1st period - Rob Niedermayer wins face-off versus Brandon Dubinsky in Wild zone.
7:07 of 1st period - Shot by Loui Eriksson.
7:07 of 1st period - Stopped by Ilya Bryzgalov with a rebound.
7:09 of 1st period - Shot by Ian White.
7:09 of 1st period - Goal by Ian White - Wild : 0 - Canucks : 2.
7:10 of 1st period - Brandon Sutter wins face-off versus Rob Niedermayer in neutral zone.
7:20 of 1st period - Off-side.
7:21 of 1st period - Joe Pavelski wins face-off versus Brandon Sutter in neutral zone.
7:21 of 1st period - Milan Hejduk is hit by David Backes and loses puck.
7:28 of 1st period - Shot by Milan Hejduk.
7:28 of 1st period - Shot Misses the Net.
7:39 of 1st period - Minor Penalty to Mike Komisarek for Slashing.
7:40 of 1st period - Brandon Dubinsky wins face-off versus Olli Jokinen in Canucks zone.
8:41 of 1st period - Icing by Ryan Whitney.
8:42 of 1st period - Joe Pavelski wins face-off versus Brandon Dubinsky in Wild zone.
10:58 of 1st period - Off-side.
10:59 of 1st period - Brandon Dubinsky wins face-off versus David Steckel in neutral zone.
11:18 of 1st period - Jan Hejda is hit by Ryan Kesler and loses puck.
11:56 of 1st period - Icing by Matthew Carle.
11:57 of 1st period - Joe Pavelski wins face-off versus Corey Perry in Canucks zone.
11:58 of 1st period - Shot by Milan Hejduk.
11:58 of 1st period - Stopped by Henrik Lundqvist without a rebound.
11:59 of 1st period - Milan Hejduk wins face-off versus Joe Thornton in Canucks zone.
12:05 of 1st period - Shot by Martin St. Louis.
12:05 of 1st period - Shot Misses the Net.
12:07 of 1st period - Shot by Ron Hainsey.
12:07 of 1st period - Shot Blocked by Duncan Keith.
13:13 of 1st period - Shot by Milan Lucic.
13:13 of 1st period - Stopped by Ilya Bryzgalov without a rebound.
13:14 of 1st period - Brandon Sutter wins face-off versus David Steckel in Wild zone.
13:15 of 1st period - Shot by Loui Eriksson.
13:15 of 1st period - Shot Blocked by Jan Hejda.
13:23 of 1st period - Ian White is hit by David Steckel and loses puck.
13:36 of 1st period - Minor Penalty to Daniel Alfredsson for Tripping.
13:37 of 1st period - Brian Willsie wins face-off versus Brandon Dubinsky in Wild zone.
14:43 of 1st period - Shot by Tomas Holmstrom.
14:43 of 1st period - Stopped by Ilya Bryzgalov with a rebound.
15:44 of 1st period - Shot by Olli Jokinen.
15:44 of 1st period - Stopped by Henrik Lundqvist with a rebound.
15:52 of 1st period - Shot by David Backes.
15:52 of 1st period - Stopped by Ilya Bryzgalov with a rebound.
16:02 of 1st period - Shot by Martin St. Louis.
16:02 of 1st period - Shot Misses the Net.
16:11 of 1st period - Off-side.
16:12 of 1st period - David Steckel wins face-off versus Joe Thornton in neutral zone.
16:31 of 1st period - Shot by Daniel Alfredsson.
16:31 of 1st period - Shot Blocked by Duncan Keith.
16:41 of 1st period - Shot by Joe Thornton.
16:41 of 1st period - Stopped by Ilya Bryzgalov without a rebound.
16:42 of 1st period - Ryan Kesler wins face-off versus Rob Niedermayer in Wild zone.
16:57 of 1st period - Shot by Rob Niedermayer.
16:57 of 1st period - Stopped by Henrik Lundqvist with a rebound.
16:59 of 1st period - Shot by Rob Niedermayer.
16:59 of 1st period - Deflect By Christopher Higgins.
16:59 of 1st period - Shot Misses the Net.
17:27 of 1st period - Shot by Brandon Sutter.
17:27 of 1st period - Stopped by Ilya Bryzgalov with a rebound.
17:31 of 1st period - Shot by David Backes.
17:31 of 1st period - Shot Misses the Net.
18:04 of 1st period - Icing by Fedor Tyutin.
18:05 of 1st period - Milan Lucic wins face-off versus Joe Pavelski in Canucks zone.
18:15 of 1st period - Icing by Ryan Whitney.
18:16 of 1st period - Joe Pavelski wins face-off versus Joe Thornton in Wild zone.
18:20 of 1st period - Ryan Whitney is hit by Ian White and loses puck.
18:31 of 1st period - Shot by Ryan Whitney.
18:31 of 1st period - Shot Misses the Net.
18:33 of 1st period - Shot by Joe Pavelski.
18:33 of 1st period - Shot Misses the Net.
18:35 of 1st period - Shot by Ron Hainsey.
18:35 of 1st period - Stopped by Henrik Lundqvist without a rebound.
18:36 of 1st period - Brandon Dubinsky wins face-off versus Ryan Smyth in Canucks zone.
18:38 of 1st period - Ryan Kesler is hit by David Steckel and loses puck.
18:53 of 1st period - Michal Rozsival is hit by Ryan Kesler and loses puck.
19:12 of 1st period - Brandon Dubinsky is hit by Jan Hejda and loses puck.
19:30 of 1st period - Michal Rozsival is hit by Duncan Keith and loses puck.
19:53 of 1st period - Matthew Carle is hit by Milan Hejduk and loses puck.

Period #2

0:01 of 2nd period - David Steckel wins face-off versus Joe Thornton in neutral zone.
0:01 of 2nd period - David Steckel is hit by Joe Thornton.
0:05 of 2nd period - Ian White is hit by Daniel Alfredsson.
0:06 of 2nd period - Minor Penalty to Corey Perry for Tripping.
0:07 of 2nd period - Joe Pavelski wins face-off versus Brandon Sutter in Canucks zone.
0:11 of 2nd period - Milan Hejduk is hit by Mike Komisarek and loses puck.
0:34 of 2nd period - Shot by Milan Hejduk.
0:34 of 2nd period - Goal by Milan Hejduk - Wild : 1 - Canucks : 2.
0:35 of 2nd period - Joe Thornton wins face-off versus Rob Niedermayer in neutral zone.
1:02 of 2nd period - Greg Zanon is hit by Corey Perry and loses puck.
1:14 of 2nd period - Matthew Carle is hit by Christopher Higgins.
1:46 of 2nd period - Shot by Ryan Kesler.
1:46 of 2nd period - Shot Misses the Net.
1:49 of 2nd period - Icing by David Steckel.
1:50 of 2nd period - David Backes wins face-off versus David Steckel in Wild zone.
1:51 of 2nd period - Shot by Brandon Sutter.
1:51 of 2nd period - Shot Blocked by Michal Rozsival.
2:10 of 2nd period - Shot by Ryan Smyth.
2:10 of 2nd period - Stopped by Henrik Lundqvist without a rebound.
2:11 of 2nd period - Joe Pavelski wins face-off versus Brandon Dubinsky in Canucks zone.
2:16 of 2nd period - Shot by Milan Hejduk.
2:16 of 2nd period - Stopped by Henrik Lundqvist with a rebound.
2:29 of 2nd period - Icing by Duncan Keith.
2:30 of 2nd period - Brandon Dubinsky wins face-off versus Rob Niedermayer in Canucks zone.
2:47 of 2nd period - Icing by Aaron Ward.
2:48 of 2nd period - Rob Niedermayer wins face-off versus Brandon Sutter in Wild zone.
2:48 of 2nd period - Rob Niedermayer is hit by Milan Lucic.
2:51 of 2nd period - Icing by Greg Zanon.
2:52 of 2nd period - Brandon Sutter wins face-off versus Rob Niedermayer in Wild zone.
2:56 of 2nd period - Icing by Greg Zanon.
2:57 of 2nd period - Joe Thornton wins face-off versus Rob Niedermayer in Wild zone.
3:51 of 2nd period - Off-side.
3:52 of 2nd period - David Steckel wins face-off versus Brandon Dubinsky in neutral zone.
4:21 of 2nd period - Off-side.
4:22 of 2nd period - Joe Pavelski wins face-off versus Brandon Sutter in neutral zone.
4:47 of 2nd period - Shot by Brandon Sutter.
4:47 of 2nd period - Shot Misses the Net.
4:49 of 2nd period - Shot by Mike Komisarek.
4:49 of 2nd period - Stopped by Ilya Bryzgalov without a rebound.
4:50 of 2nd period - Joe Thornton wins face-off versus David Steckel in Wild zone.
5:38 of 2nd period - Shot by Martin St. Louis.
5:38 of 2nd period - Shot Misses the Net.
5:54 of 2nd period - Shot by Milan Hejduk.
5:54 of 2nd period - Stopped by Henrik Lundqvist without a rebound.
5:55 of 2nd period - Brandon Sutter wins face-off versus Rob Niedermayer in Canucks zone.
6:39 of 2nd period - Icing by Aaron Ward.
6:40 of 2nd period - Brandon Dubinsky wins face-off versus Rob Niedermayer in Wild zone.
6:45 of 2nd period - Shot by Duncan Keith.
6:45 of 2nd period - Shot Blocked by Rob Niedermayer.
6:47 of 2nd period - Shot by Brandon Dubinsky.
6:47 of 2nd period - Stopped by Ilya Bryzgalov without a rebound.
6:48 of 2nd period - David Steckel wins face-off versus Joe Thornton in Wild zone.
6:48 of 2nd period - David Steckel is hit by Corey Perry.
7:34 of 2nd period - Corey Perry and David Steckel fight to a draw.
7:34 of 2nd period - Penalty to Corey Perry for Fighting.
7:34 of 2nd period - Penalty to David Steckel for Fighting.
7:35 of 2nd period - Joe Pavelski wins face-off versus Brandon Dubinsky in Canucks zone.
7:38 of 2nd period - Shot by Martin St. Louis.
7:38 of 2nd period - Shot Misses the Net.
7:42 of 2nd period - Shot by Martin St. Louis.
7:42 of 2nd period - Goal by Martin St. Louis - Wild : 2 - Canucks : 2.
7:43 of 2nd period - Joe Pavelski wins face-off versus Brandon Sutter in neutral zone.
7:45 of 2nd period - Ron Hainsey is hit by Mike Komisarek and loses puck.
8:46 of 2nd period - Martin St. Louis is hit by Erik Karlsson.
9:26 of 2nd period - Minor Penalty to Christopher Higgins for Tripping.
9:27 of 2nd period - Rob Niedermayer wins face-off versus Brandon Dubinsky in Wild zone.
9:27 of 2nd period - Daniel Alfredsson is hit by Devin Setoguchi and loses puck.
9:46 of 2nd period - Shot by Ian White.
9:46 of 2nd period - Shot Misses the Net.
9:50 of 2nd period - Shot by Devin Setoguchi.
9:50 of 2nd period - Stopped by Ilya Bryzgalov without a rebound.
9:51 of 2nd period - Joe Thornton wins face-off versus Daniel Alfredsson in Wild zone.
10:12 of 2nd period - Shot by Tomas Holmstrom.
10:12 of 2nd period - Stopped by Ilya Bryzgalov with a rebound.
10:14 of 2nd period - Shot by Joe Thornton.
10:14 of 2nd period - Stopped by Ilya Bryzgalov without a rebound.
10:15 of 2nd period - Daniel Alfredsson wins face-off versus David Backes in Wild zone.
10:26 of 2nd period - Shot by Ian White.
10:26 of 2nd period - Shot Misses the Net.
10:28 of 2nd period - Shot by David Backes.
10:28 of 2nd period - Stopped by Ilya Bryzgalov without a rebound.
10:29 of 2nd period - Brandon Dubinsky wins face-off versus Rob Niedermayer in Wild zone.
10:44 of 2nd period - Shot by Brandon Dubinsky.
10:44 of 2nd period - Shot Blocked by Jan Hejda.
11:10 of 2nd period - Greg Zanon is hit by Joe Thornton and loses puck.
11:44 of 2nd period - Shot by Brandon Sutter.
11:44 of 2nd period - Stopped by Ilya Bryzgalov without a rebound.
11:45 of 2nd period - Joe Thornton wins face-off versus Rob Niedermayer in Wild zone.
12:10 of 2nd period - Minor Penalty to Christopher Higgins for Roughing.
12:11 of 2nd period - Daniel Alfredsson wins face-off versus Brandon Sutter in Wild zone.
12:11 of 2nd period - Daniel Alfredsson is hit by Milan Lucic.
12:19 of 2nd period - Shot by Ryan Smyth.
12:19 of 2nd period - Deflect By Daniel Alfredsson.
12:19 of 2nd period - Stopped by Henrik Lundqvist without a rebound.
12:20 of 2nd period - Brandon Sutter wins face-off versus Joe Pavelski in Canucks zone.
12:28 of 2nd period - Milan Lucic is hit by Ron Hainsey and loses puck.
12:54 of 2nd period - Shot by Corey Perry.
12:54 of 2nd period - Goal by Corey Perry - Wild : 2 - Canucks : 3.
12:55 of 2nd period - Brandon Sutter wins face-off versus Martin St. Louis in neutral zone.
13:06 of 2nd period - Shot by Martin St. Louis.
13:06 of 2nd period - Shot Blocked by Fedor Tyutin.
13:08 of 2nd period - Shot by Joe Pavelski.
13:08 of 2nd period - Shot Blocked by David Backes.
13:13 of 2nd period - Icing by Fedor Tyutin.
13:14 of 2nd period - Rob Niedermayer wins face-off versus Brandon Sutter in Canucks zone.
13:39 of 2nd period - Aaron Ward is hit by Tomas Holmstrom and loses puck.
14:00 of 2nd period - Ryan Kesler beats up David Steckel.
14:00 of 2nd period - Penalty to Ryan Kesler for Fighting.
14:00 of 2nd period - Penalty to David Steckel for Fighting.
14:00 of 2nd period - Penalty to Ryan Kesler for instigated a fight.
14:00 of 2nd period - Ryan Kesler is ejected from game.
14:01 of 2nd period - Brandon Dubinsky wins face-off versus Joe Pavelski in Canucks zone.
14:16 of 2nd period - Shot by Ryan Smyth.
14:16 of 2nd period - Stopped by Henrik Lundqvist with a rebound.
14:18 of 2nd period - Shot by Milan Hejduk.
14:18 of 2nd period - Shot Misses the Net.
14:20 of 2nd period - Shot by Ron Hainsey.
14:20 of 2nd period - Deflect By Ryan Smyth.
14:20 of 2nd period - Stopped by Henrik Lundqvist without a rebound.
14:21 of 2nd period - Olli Jokinen wins face-off versus Brandon Dubinsky in Canucks zone.
14:28 of 2nd period - Shot by Martin St. Louis.
14:28 of 2nd period - Stopped by Henrik Lundqvist without a rebound.
14:29 of 2nd period - Olli Jokinen wins face-off versus David Backes in Canucks zone.
15:39 of 2nd period - Shot by Joe Pavelski.
15:39 of 2nd period - Shot Misses the Net.
15:47 of 2nd period - Shot by Joe Pavelski.
15:47 of 2nd period - Shot Misses the Net.
15:49 of 2nd period - Shot by Ron Hainsey.
15:49 of 2nd period - Goal by Ron Hainsey - Wild : 3 - Canucks : 3.
15:50 of 2nd period - Joe Thornton wins face-off versus Rob Niedermayer in neutral zone.
15:53 of 2nd period - Shot by Corey Perry.
15:53 of 2nd period - Shot Blocked by Greg Zanon.
15:57 of 2nd period - Shot by Loui Eriksson.
15:57 of 2nd period - Stopped by Ilya Bryzgalov with a rebound.
16:01 of 2nd period - Shot by Joe Thornton.
16:01 of 2nd period - Goal by Joe Thornton - Wild : 3 - Canucks : 4.
16:02 of 2nd period - Rob Niedermayer wins face-off versus Brandon Dubinsky in neutral zone.
16:36 of 2nd period - Shot by Tomas Holmstrom.
16:36 of 2nd period - Stopped by Ilya Bryzgalov without a rebound.
16:37 of 2nd period - Joe Thornton wins face-off versus Martin St. Louis in Wild zone.
16:40 of 2nd period - Shot by Joe Thornton.
16:40 of 2nd period - Deflect By Loui Eriksson.
16:40 of 2nd period - Stopped by Ilya Bryzgalov without a rebound.
16:41 of 2nd period - Joe Thornton wins face-off versus Joe Pavelski in Wild zone.
16:41 of 2nd period - Joe Thornton is hit by Ryan Whitney.
17:03 of 2nd period - Minor Penalty to Joe Pavelski for Holding.
17:04 of 2nd period - Joe Thornton wins face-off versus Rob Niedermayer in Wild zone.
17:07 of 2nd period - Shot by Tomas Holmstrom.
17:07 of 2nd period - Shot Misses the Net.
17:09 of 2nd period - Shot by Erik Karlsson.
17:09 of 2nd period - Shot Blocked by Jan Hejda.
17:11 of 2nd period - Shot by Tomas Holmstrom.
17:11 of 2nd period - Goal by Tomas Holmstrom - Wild : 3 - Canucks : 5.
17:11 of 2nd period - Dwayne Roloson enters game.
17:12 of 2nd period - Martin St. Louis wins face-off versus Joe Thornton in neutral zone.
17:16 of 2nd period - Daniel Alfredsson is hit by Duncan Keith and loses puck.
17:36 of 2nd period - Icing by Michal Rozsival.
17:37 of 2nd period - Martin St. Louis wins face-off versus Brandon Dubinsky in Wild zone.
17:39 of 2nd period - Icing by Ryan Smyth.
17:40 of 2nd period - Brandon Dubinsky wins face-off versus Martin St. Louis in Wild zone.
17:40 of 2nd period - Erik Karlsson is hit by Michal Rozsival and loses puck.
17:51 of 2nd period - Shot by Brandon Sutter.
17:51 of 2nd period - Goal by Brandon Sutter - Wild : 3 - Canucks : 6.
17:52 of 2nd period - Joe Thornton wins face-off versus Rob Niedermayer in neutral zone.
17:57 of 2nd period - Shot by Corey Perry.
17:57 of 2nd period - Shot Misses the Net.
17:58 of 2nd period - Minor Penalty to Greg Zanon for Holding.
17:59 of 2nd period - Brandon Sutter wins face-off versus Rob Niedermayer in Wild zone.
18:24 of 2nd period - Off-side.
18:25 of 2nd period - Joe Pavelski wins face-off versus Brandon Dubinsky in neutral zone.
18:28 of 2nd period - Shot by Martin St. Louis.
18:28 of 2nd period - Goal by Martin St. Louis - Wild : 4 - Canucks : 6.
18:28 of 2nd period - Jason LaBarbera enters game.
18:29 of 2nd period - Joe Thornton wins face-off versus Joe Pavelski in neutral zone.
19:19 of 2nd period - Shot by Corey Perry.
19:19 of 2nd period - Stopped by Dwayne Roloson without a rebound.
19:20 of 2nd period - Brandon Dubinsky wins face-off versus Rob Niedermayer in Wild zone.
19:28 of 2nd period - Icing by Matthew Carle.
19:29 of 2nd period - David Steckel wins face-off versus Brandon Dubinsky in Canucks zone.
19:37 of 2nd period - Minor Penalty to Matthew Carle for Hooking.
19:38 of 2nd period - Brandon Sutter wins face-off versus Olli Jokinen in Canucks zone.

Period #3

0:01 of 3rd period - Joe Pavelski wins face-off versus Brandon Sutter in neutral zone.
0:01 of 3rd period - Joe Pavelski is hit by Brandon Sutter.
0:15 of 3rd period - Shot by Milan Hejduk.
0:15 of 3rd period - Stopped by Jason LaBarbera without a rebound.
0:16 of 3rd period - Brandon Dubinsky wins face-off versus Olli Jokinen in Canucks zone.
0:46 of 3rd period - Daniel Alfredsson is hit by Mike Komisarek.
1:28 of 3rd period - Shot by Milan Hejduk.
1:28 of 3rd period - Stopped by Jason LaBarbera without a rebound.
1:29 of 3rd period - Joe Pavelski wins face-off versus Brandon Dubinsky in Canucks zone.
1:47 of 3rd period - Joe Thornton is hit by Greg Zanon and loses puck.
1:55 of 3rd period - Vyacheslav Kozlov is hit by Christopher Higgins and loses puck.
1:56 of 3rd period - Double Minor Penalty to Christopher Higgins for Roughing.
1:57 of 3rd period - Joe Thornton wins face-off versus David Steckel in Wild zone.
2:16 of 3rd period - Shot by Corey Perry.
2:16 of 3rd period - Shot Misses the Net.
2:18 of 3rd period - Shot by Tomas Holmstrom.
2:18 of 3rd period - Stopped by Dwayne Roloson without a rebound.
2:19 of 3rd period - David Steckel wins face-off versus Brandon Dubinsky in Wild zone.
2:19 of 3rd period - David Steckel is hit by Brandon Dubinsky.
2:45 of 3rd period - Shot by Brandon Dubinsky.
2:45 of 3rd period - Shot Misses the Net.
2:47 of 3rd period - Shot by Matthew Carle.
2:47 of 3rd period - Stopped by Dwayne Roloson without a rebound.
2:48 of 3rd period - Rob Niedermayer wins face-off versus Joe Thornton in Wild zone.
3:14 of 3rd period - Shot by Duncan Keith.
3:14 of 3rd period - Shot Misses the Net.
3:18 of 3rd period - Shot by Corey Perry.
3:18 of 3rd period - Shot Misses the Net.
3:22 of 3rd period - Shot by Tomas Holmstrom.
3:22 of 3rd period - Deflect By Joe Thornton.
3:22 of 3rd period - Shot Misses the Net.
3:44 of 3rd period - Icing by Brandon Dubinsky.
3:45 of 3rd period - Daniel Alfredsson wins face-off versus Brandon Dubinsky in Canucks zone.
3:45 of 3rd period - Michal Rozsival is hit by Ian White and loses puck.
4:02 of 3rd period - Shot by Loui Eriksson.
4:02 of 3rd period - Shot Blocked by Jan Hejda.
4:04 of 3rd period - Shot by Brandon Dubinsky.
4:04 of 3rd period - Stopped by Dwayne Roloson without a rebound.
4:05 of 3rd period - Joe Thornton wins face-off versus David Steckel in Wild zone.
4:08 of 3rd period - Shot by Erik Karlsson.
4:08 of 3rd period - Stopped by Dwayne Roloson without a rebound.
4:09 of 3rd period - Joe Thornton wins face-off versus David Steckel in Wild zone.
4:10 of 3rd period - Shot by Corey Perry.
4:10 of 3rd period - Shot Misses the Net.
4:12 of 3rd period - Shot by Duncan Keith.
4:12 of 3rd period - Shot Misses the Net.
4:18 of 3rd period - Shot by Corey Perry.
4:18 of 3rd period - Stopped by Dwayne Roloson with a rebound.
4:36 of 3rd period - Shot by Joe Thornton.
4:36 of 3rd period - Stopped by Dwayne Roloson without a rebound.
4:37 of 3rd period - Brandon Dubinsky wins face-off versus Rob Niedermayer in Wild zone.
4:38 of 3rd period - Shot by Matthew Carle.
4:38 of 3rd period - Goal by Matthew Carle - Wild : 4 - Canucks : 7.
4:39 of 3rd period - Joe Pavelski wins face-off versus Brandon Sutter in neutral zone.
4:56 of 3rd period - Shot by Milan Hejduk.
4:56 of 3rd period - Goal by Milan Hejduk - Wild : 5 - Canucks : 7.
4:57 of 3rd period - Joe Thornton wins face-off versus David Steckel in neutral zone.
5:14 of 3rd period - Shot by Joe Thornton.
5:14 of 3rd period - Shot Blocked by Jan Hejda.
6:03 of 3rd period - Shot by Brandon Sutter.
6:03 of 3rd period - Shot Blocked by Ron Hainsey.
6:05 of 3rd period - Shot by Milan Lucic.
6:05 of 3rd period - Shot Misses the Net.
6:09 of 3rd period - Shot by David Backes.
6:09 of 3rd period - Deflect By Brandon Sutter.
6:09 of 3rd period - Shot Misses the Net.
6:11 of 3rd period - Shot by Fedor Tyutin.
6:11 of 3rd period - Stopped by Dwayne Roloson without a rebound.
6:12 of 3rd period - Brian Willsie wins face-off versus Brandon Dubinsky in Wild zone.
6:12 of 3rd period - Brian Willsie is hit by Devin Setoguchi.
6:30 of 3rd period - Shot by Devin Setoguchi.
6:30 of 3rd period - Stopped by Dwayne Roloson without a rebound.
6:31 of 3rd period - Brandon Dubinsky wins face-off versus David Steckel in Wild zone.
7:12 of 3rd period - Icing by Brandon Sutter.
7:13 of 3rd period - Brandon Dubinsky wins face-off versus Rob Niedermayer in Canucks zone.
8:18 of 3rd period - Shot by Joe Pavelski.
8:18 of 3rd period - Deflect By Milan Hejduk.
8:18 of 3rd period - Shot Misses the Net.
8:20 of 3rd period - Shot by Martin St. Louis.
8:20 of 3rd period - Deflect By Joe Pavelski.
8:20 of 3rd period - Stopped by Jason LaBarbera without a rebound.
8:21 of 3rd period - David Steckel wins face-off versus David Backes in Canucks zone.
8:24 of 3rd period - Shot by Jan Hejda.
8:24 of 3rd period - Shot Misses the Net.
8:35 of 3rd period - Minor Penalty to Michal Rozsival for Hooking.
8:36 of 3rd period - Rob Niedermayer wins face-off versus Brandon Dubinsky in Wild zone.
8:47 of 3rd period - Jan Hejda is hit by Devin Setoguchi and loses puck.
9:21 of 3rd period - Off-side.
9:22 of 3rd period - Corey Perry wins face-off versus David Steckel in neutral zone.
10:15 of 3rd period - Shot by Matthew Carle.
10:15 of 3rd period - Shot Misses the Net.
10:17 of 3rd period - Shot by Ian White.
10:17 of 3rd period - Shot Misses the Net.
10:19 of 3rd period - Shot by Ian White.
10:19 of 3rd period - Shot Misses the Net.
10:21 of 3rd period - Shot by Devin Setoguchi.
10:21 of 3rd period - Shot Misses the Net.
11:18 of 3rd period - Off-side.
11:19 of 3rd period - Joe Thornton wins face-off versus Milan Hejduk in neutral zone.
11:44 of 3rd period - Shot by Milan Hejduk.
11:44 of 3rd period - Shot Misses the Net.
11:48 of 3rd period - Shot by Martin St. Louis.
11:48 of 3rd period - Shot Misses the Net.
12:00 of 3rd period - Bruno Gervais is hit by Christopher Higgins and loses puck.
12:15 of 3rd period - Off-side.
12:16 of 3rd period - Brandon Sutter wins face-off versus David Steckel in neutral zone.
12:35 of 3rd period - Shot by Ryan Smyth.
12:35 of 3rd period - Shot Blocked by David Backes.
12:46 of 3rd period - Ryan Smyth is hit by Mike Komisarek and loses puck.
13:11 of 3rd period - Shot by Brandon Dubinsky.
13:11 of 3rd period - Shot Misses the Net.
13:13 of 3rd period - Shot by Tomas Holmstrom.
13:13 of 3rd period - Stopped by Dwayne Roloson without a rebound.
13:14 of 3rd period - Joe Pavelski wins face-off versus Brandon Dubinsky in Wild zone.
13:14 of 3rd period - Joe Pavelski is hit by Brandon Dubinsky.
13:25 of 3rd period - Minor Penalty to Corey Perry for High sticking.
13:26 of 3rd period - Brandon Dubinsky wins face-off versus Milan Hejduk in Canucks zone.
13:26 of 3rd period - Brandon Dubinsky is hit by Joe Pavelski.
15:13 of 3rd period - Shot by Ryan Whitney.
15:13 of 3rd period - Shot Misses the Net.
15:17 of 3rd period - Shot by Joe Pavelski.
15:17 of 3rd period - Stopped by Jason LaBarbera without a rebound.
15:18 of 3rd period - David Backes wins face-off versus Olli Jokinen in Canucks zone.
15:26 of 3rd period - Minor Penalty to Erik Karlsson for Hooking.
15:27 of 3rd period - Olli Jokinen wins face-off versus Brandon Dubinsky in Canucks zone.
15:34 of 3rd period - Shot by Martin St. Louis.
15:34 of 3rd period - Shot Misses the Net.
15:36 of 3rd period - Shot by Daniel Alfredsson.
15:36 of 3rd period - Shot Misses the Net.
15:38 of 3rd period - Shot by Greg Zanon.
15:38 of 3rd period - Stopped by Jason LaBarbera without a rebound.
15:39 of 3rd period - Brandon Sutter wins face-off versus Joe Pavelski in Canucks zone.
16:07 of 3rd period - Shot by Milan Hejduk.
16:07 of 3rd period - Shot Blocked by Matthew Carle.
17:40 of 3rd period - Shot by Martin St. Louis.
17:40 of 3rd period - Stopped by Jason LaBarbera without a rebound.
17:41 of 3rd period - Christopher Higgins wins face-off versus Brandon Dubinsky in Canucks zone.
17:46 of 3rd period - Shot by Milan Hejduk.
17:46 of 3rd period - Shot Misses the Net.
17:52 of 3rd period - Milan Hejduk is hit by Tomas Holmstrom and loses puck.
17:57 of 3rd period - Shot by Ian White.
17:57 of 3rd period - Stopped by Dwayne Roloson without a rebound.
17:58 of 3rd period - Joe Thornton wins face-off versus Rob Niedermayer in Wild zone.
18:02 of 3rd period - Icing by Ron Hainsey.
18:03 of 3rd period - Joe Thornton wins face-off versus Rob Niedermayer in Wild zone.
19:21 of 3rd period - Shot by Brandon Dubinsky.
19:21 of 3rd period - Deflect By Tomas Holmstrom.
19:21 of 3rd period - Shot Blocked by Jan Hejda.
19:25 of 3rd period - Shot by Duncan Keith.
19:25 of 3rd period - Stopped by Dwayne Roloson with a rebound.
19:27 of 3rd period - Shot by Tomas Holmstrom.
19:27 of 3rd period - Goal by Tomas Holmstrom - Wild : 5 - Canucks : 8.
19:28 of 3rd period - Milan Lucic wins face-off versus Milan Hejduk in neutral zone.
19:33 of 3rd period - Shot by David Backes.
19:33 of 3rd period - Shot Misses the Net.
19:42 of 3rd period - Joe Pavelski is hit by Mike Komisarek and loses puck.
19:48 of 3rd period - Icing by Fedor Tyutin.
19:49 of 3rd period - Brandon Sutter wins face-off versus Joe Pavelski in Canucks zone.
19:58 of 3rd period - Joe Pavelski is hit by Milan Lucic.


Output by the SimonT Hockey Simulator (STHS) for Stephane Roy -- Original Page W3C XHTML 1.0 Valid